 Dungeon Crawl Stone Soup version 0.21.0-25-ge575cb9 (webtiles) character file.

62 Inchmeat the Chopper (level 4, 0/39 HPs)
             Began as a Hill Orc Fighter on Jan 24, 2018.
             Succumbed to an adder's poison
             ... on level 2 of the Dungeon.
             The game lasted 00:01:37 (1243 turns).

Inchmeat the Chopper (Hill Orc Fighter)             Turns: 1243, Time: 00:01:38

Health: 0/39       AC:  6    Str: 17 (19) XL:     4   Next: 8%
Magic:  4/4        EV: 14    Int:  6 (8)  God:
Gold:   66         SH:  0    Dex: 14 (17) Spells: 3/3 levels left

rFire    . . .     SeeInvis .   a - +0 war axe
rCold    . . .     Gourm    .   (no shield)
rNeg     . . .     Faith    .   b - +0 scale mail
rPois    .         Spirit   .   (no helmet)
rElec    .         Reflect  .   (no cloak)
rCorr    .         Harm     .   (no gloves)
MR       .....                  (no boots)
Stlth    +.........             (no amulet)
HPRegen  0.13/turn              (no ring)
MPRegen  0.09/turn              (no ring)

@: agile, lethally poisoned (0 -> -8)
A: agile 1, blink
a: Blink


You were on level 2 of the Dungeon.
You were not hungry.

You visited 1 branch of the dungeon, and saw 2 of its levels.

You collected 66 gold pieces.

Inventory:

Hand Weapons
 a - a +0 war axe (weapon)
Armour
 b - a +0 scale mail (worn)
Scrolls
 c - a scroll of enchant armour {unknown}
 e - 4 scrolls of identify {unknown}
 h - 2 scrolls of random uselessness {unknown}
 i - a scroll of magic mapping {unknown}
 j - 2 scrolls of remove curse {unknown}
 k - a scroll of immolation {unknown}
 n - a scroll of blinking {unknown}
Potions
 d - a potion of might
Comestibles
 f - 5 rations


   Skills:
 - Level 3.6 Fighting
 + Level 5.6 Axes
 - Level 3.2 Armour
   Level 3.2 Shields


You had 3 spell levels left.
You didn't know any spells.

Dungeon Overview and Level Annotations

Branches:
Dungeon (2/15)

Altars:


Innate Abilities, Weirdness & Mutations

You are agile. (Dex +2)
You can translocate small distances at will.


Message History

Ye feel agile all o' a sudd'n.
It was a potion o' degeneration.
Thar was somethin' very wrong wit tha liquid.
Ye feel weaken'd.
Ye feel dopey.
Ye feel clumsy.
Ye feel sick.
Tha adder bites ye.
* * * LOW HITPOINT WARNIN'
* * * Unknown command.
Ye closely miss tha adder.
Tha adder be lightly wounded.
Tha adder completely misses ye.
Ye miss tha adder.
Tha adder be lightly wounded.
* * * LOW HITPOINT WARNIN'
* * * Ye feel sick.
Tha adder completely misses ye.
Tha adder bites ye.
* * * LOW HITPOINT WARNIN'
* * * Ye be more poison'd.
Tha adder poisons ye!
Ye hit tha adder.
Tha adder be lightly wounded.
Ye die...

..# ##### ########## #.# #....
........[#####.#### #.###.###
#####.#.....[.....# #.##.#...
#####.#........##.# ####.##...##
..##....#########.# #.......#...
..##..### #†# #>##.##...#.
...#..###########.####...........
................@S............#..
.).##############......##.###.#..
#..# ######.##.###.#.. ...#
#.##...#.#.. #..#######
#.####.#.#.. .........####
##.####)#.#.. #........>..#
#......#..... ....####.##.#
#.###.##(#.#.# ....# #.##.# #
##.#.#.#.#


You could see an adder.

Vanquished Creatures
  2 adders (D:2)
  A worm (D:2)
  A dart slug (D:2)
  A leopard gecko (D:2)
  7 goblins
  3 hobgoblins
  4 jackals (D:2)
  5 bats
  4 frilled lizards
  6 kobolds
  5 rats
39 creatures vanquished.

Notes
Turn   | Place    | Note
-------+----------+-------------------------------------------
     0 | D:1      | Inchmeat the Hill Orc Fighter began the quest for the Orb.
     0 | D:1      | Reached XP level 1. HP: 19/19 MP: 1/1
    39 | D:1      | Reached skill level 3 in Axes
   226 | D:1      | Reached XP level 2. HP: 19/26 MP: 2/2
   334 | D:1      | Reached skill level 4 in Axes
   647 | D:2      | Reached XP level 3. HP: 26/31 MP: 3/3
   951 | D:2      | Reached skill level 5 in Axes
  1008 | D:2      | Reached XP level 4. HP: 27/39 MP: 4/4
  1237 | D:2      | Gained mutation: You are agile. (Dex +2) [potion of mutation]
  1237 | D:2      | Gained mutation: You can translocate small distances at will. [potion of mutation]
  1242 | D:2      | HP: 1/39 [adder (1)]
  1243 | D:2      | Succumbed to an adder's poison

Skill      XL: |  1  2  3 |
---------------+----------+-----
Axes           | 3 4 5 |  5.6
Fighting       | |  3.6
Armour         | |  3.2
Shields        | |  3.2

Action                   |  1- 3 |  4- 6 || total
-------------------------+-------+-------++-------
Melee: War axe           |    82 |    41 ||   123
 Abil: Blink             |       |     1 ||     1
  Use: Potion            |       |     3 ||     3
  Eat: Chunk             |       |     1 ||     1
Armor: Scale mail        |    34 |    30 ||    64
Dodge: Dodged            |    49 |    20 ||    69
